 Dungeon Crawl Stone Soup version 0.30.1-4-g462c640d31 (webtiles) character file.

Game seed: 14023013662952322911

1107 HagarQim the Sneak (level 8, 0/49 HPs)
             Began as an Octopode Conjurer on Sept 13, 2023.
             Slain by an orc wizard
             ... wielding a +0 dagger
              (3 damage)
             ... on level 6 of the Dungeon.
             The game lasted 00:15:35 (5987 turns).

HagarQim the Sneak (Octopode Conjurer)              Turns: 5987, Time: 00:15:36

Health: 0/49       AC:  1    Str:  6    XL:     8   Next: 33%
Magic:  15/15      EV: 13    Int: 22    God:
Gold:   257        SH:  0    Dex: 11    Spells: 14/17 levels left

rFire   . . .        p - +2 short sword (distort)
rCold   . . .        (no shield)
rNeg    . . .        (helmet restricted)
rPois   .            (no amulet)
rElec   .            (no ring)
rCorr   .            (no ring)
SInv    .            (no ring)
Will    .....        (no ring)
Stlth   ++++         (no ring)
HPRegen 0.28/turn    (no ring)
MPRegen 0.14/turn    (no ring)
                     (no ring)

%: no passive effects
@: brilliant
A: almost no armour, amphibious, 8 rings, camouflage 1, gelatinous body 1,
(nimble swimmer 1), tentacles
a: no special abilities


You were on level 6 of the Dungeon.
You visited 1 branch of the dungeon, and saw 6 of its levels.
You also visited: Sewer.

You collected 257 gold pieces.

Inventory:

Hand Weapons
 b - a +0 dagger
 p - a +2 short sword of distortion (weapon)
Missiles
 e - 4 javelins
 m - 40 poisoned darts
Wands
 a - a wand of flame (46)
Scrolls
 d - 3 scrolls of teleportation
 l - a scroll of enchant weapon {unknown}
Potions
 c - 2 potions of ambrosia
 f - a potion of invisibility
 h - 2 potions of resistance
 i - 4 potions of might
 k - a potion of magic
 n - a potion of haste {unknown}


   Skills:
 * Level 1.7 Fighting
 + Level 2.3 Short Blades
 + Level 3.0 Dodging
 + Level 7.2 Stealth
 * Level 5.3 Spellcasting
 + Level 6.1 Conjurations


You had 14 spell levels left.
You knew the following spells:

 Your Spells              Type           Power      Damage    Failure   Level
a - Magic Dart            Conj           100%       1d8       1%          1
b - Searing Ray           Conj           98%        2d8       1%          2

Your spell library contained the following spells:

 Spells                   Type           Power      Damage    Failure   Level
 Dazzling Flash           Conj/Hex       58%        N/A       9%          3
 Mephitic Cloud           Conj/Pois/Air  22%        N/A       13%         3
 Poisonous Vapours        Pois/Air       16%        N/A       16%         2
 Fulminant Prism          Conj/Hex       14%        3d8       26%         4
 Iskenderun's Mystic Bla  Conj/Tloc      29%        2d7       26%         4
 Freezing Cloud           Conj/Ice/Air   11%        6-21      75%         5


Dungeon Overview and Level Annotations

Branches:
Dungeon (6/15)              Sewer (visited)
 Temple: D:4-7

Altars:
Fedhas
Okawaru
Uskayaw

Shops:
D:4 =

Annotations:
D:1 2 runed translucent doors
D:4 Eustachio


Innate Abilities, Weirdness & Mutations

You cannot wear most types of armour.
You are amphibious.
You can wear up to eight rings at the same time.
Your skin changes colour to match your surroundings (Stealth+).
Your rubbery body absorbs attacks. (AC +1, EV +1)
((You are camouflaged when in or above water. (Stealth+)))
You have tentacles for arms and can constrict up to eight enemies at once.


Message History

Unknown command.
You feel much better. Something hits you. Something hits you.
You feel better. Something hits you.
You miss something. Something hits you.
You completely miss something. Something hits you.
You closely miss something. Something hits you.
You barely miss something. You barely miss something. Something hits you.
You closely miss something.
You hear some strange, mumbled words.
A magic dart appears from out of thin air!
The magic dart hits you!
* * * LOW HITPOINT WARNING * * *
You miss something. Something hits you.
* * * LOW HITPOINT WARNING * * *
You miss something. Something hits you.
* * * LOW HITPOINT WARNING * * *
You closely miss something. Something hits you.
* * * LOW HITPOINT WARNING * * *
You miss something. Your squeeze misses something.
You hear some strange, mumbled words.
You are confused.
Okay, then.
Your magical effects are unravelling.
You feel magically purged.
You feel less confused. Something hits you.
* * * LOW HITPOINT WARNING * * *
You closely miss something. Something hits you.
* * * LOW HITPOINT WARNING * * *
You miss something. Something hits you.
* * * LOW HITPOINT WARNING * * *
You barely miss something.
It was a potion of brilliance.
You feel clever all of a sudden. Something hits you but does no damage.
You hit something.
Space warps around something.
Your squeeze misses something. Something hits you.
You die...

*,*,,,,,,,,,,,,,,,,,,,,,*
*****,********************,*
,,,,,,,,,* ###########* *,*
********,* #.........,* *,* *,*
#.......#*,* *,*
*,####.......##,* *,*
*,.......$)...#,* *,*
*****#.)..{...#,***,**
#...@....#,**,,,***
#........#.#*,,,,,* #####
####$...>....,,,,,* ##...##
####......)##**...# #.###.##
#....###.### *#..# .##
##.######.#### #.# #..# .#
#........# #.#######..## .##
##.#############.##..(.....#
#.###..........................#


There were no monsters in sight!

Vanquished Creatures
  5 kobold brigands (Sewer)
  A howler monkey (D:5)
  A jelly (D:4)
  2 orc priests
  4 iguanas
  Natasha (thrice) (D:2)
  3 orc wizards
  A sleepcap (D:5)
  13 adders
  2 gnolls
  8 river rats (Sewer)
  2 shadow imps (D:5)
  2 worms (D:6)
  A dart slug (D:1)
  11 orcs
  8 endoplasms
  3 giant cockroaches
  5 goblins
  7 hobgoblins
  3 jackals (D:3)
  18 kobolds
  4 quokkas
  11 ball pythons
  3 bats
  6 frilled lizards
  25 rats
152 creatures vanquished.

Notes
Turn   | Place    | Note
-------+----------+-------------------------------------------
     0 | D:1      | HagarQim the Octopode Conjurer began the quest for the Orb.
     0 | D:1      | Reached XP level 1. HP: 11/11 MP: 3/3
   240 | D:1      | Found a large runed translucent door.
   240 | D:1      | Found a large runed translucent door.
   241 | D:1      | Noticed a troll
   246 | D:1      | Reached XP level 2. HP: 17/17 MP: 5/5
   587 | D:1      | Reached XP level 3. HP: 14/21 MP: 1/6
   674 | D:1      | Reached skill level 3 in Stealth
  1238 | D:2      | Noticed Natasha
  1245 | D:2      | Killed Natasha
  1246 | D:2      | Reached XP level 4. HP: 18/27 MP: 2/7
  1336 | D:2      | Learned a level 2 spell: Searing Ray
  1390 | D:2      | Noticed Natasha
  1395 | D:2      | Killed Natasha
  1587 | D:2      | Reached skill level 5 in Conjurations
  1778 | D:2      | Reached skill level 4 in Stealth
  2004 | D:2      | Noticed Natasha
  2019 | D:2      | Killed Natasha
  2020 | D:2      | Reached XP level 5. HP: 13/31 MP: 3/8
  2339 | D:3      | Found an iron altar of Okawaru.
  2405 | D:3      | Found a blossoming altar of Fedhas.
  2651 | D:3      | Reached skill level 1 in Short Blades
  3002 | D:3      | Reached XP level 6. HP: 37/37 MP: 5/10
  3267 | D:4      | Reached skill level 5 in Stealth
  3335 | D:4      | Found Nuuxtupp's Jewellery Emporium.
  3557 | D:4      | Noticed Eustachio
  3563 | D:4      | Found a hide-covered altar of Uskayaw.
  3759 | D:5      | Entered Level 5 of the Dungeon
  3959 | D:5      | Reached XP level 7. HP: 42/42 MP: 4/12
  4184 | D:5      | You fall into a shaft and drop 1 floor!
  4254 | D:6      | Found a glowing drain.
  4264 | Sewer    | Entered a sewer
  4957 | Sewer    | Reached skill level 6 in Stealth
  5215 | Sewer    | Reached skill level 1 in Fighting
  5215 | Sewer    | Reached XP level 8. HP: 15/48 MP: 10/15
  5219 | Sewer    | Reached skill level 5 in Spellcasting
  5223 | Sewer    | Reached skill level 7 in Stealth
  5984 | D:6      | HP: 2/49 [something (1)]
  5987 | D:6      | Slain by an orc wizard

Illustrated notes

Levels and vault maps discovered:
D:1:      erik_arrival_cave_to_civilisation [erik_arrival_cave_to_temple],
          layout_basic, nicolae_grassy_gnolls
D:2:      layout_loops_ring, uniq_natasha
D:3:      layout_loops_ring, mainiacjoe_overflow_surrounded_room,
          fedhas_altar_2, minmay_misc_feat_hallway, kennysheep_generic_room_5
D:4:      layout_rooms, jmf_multi_god_temple, serial_shops, shop, uniq_ijyb,
          uniq_eustachio
D:5:      layout_cave_pools, kiku_gazebo_garden_becter, nicolae_ru_path_of_blood
D:6:      layout_loops_ring, lightli_sewer_entry_pipes

Skill      XL: |  1  2  3  4  5  6  7  8 |
---------------+-------------------------+-----
Stealth        | 3 4 5 6 7 |  7.2
Conjurations   | 5 6 |  6.1
Short Blades   | 1 2 |  2.3
Spellcasting   | 3 4 5 |  5.3
Fighting       | 1 |  1.7
Dodging        | 3 |  3.0

Action                     |  1- 3 |  4- 6 |  7- 9 || total
---------------------------+-------+-------+-------++-------
  Melee: Dagger            |    34 |    36 |    29 ||    99
         Constrict         |     6 |    12 |    10 ||    28
         Tentacles         |     4 |     6 |     8 ||    18
         Short sword       |       |       |    32 ||    32
   Cast: Magic Dart        |    21 |    99 |    62 ||   182
         Searing Ray       |       |     9 |    10 ||    19
    Use: Potion            |       |     2 |    10 ||    12
         Scroll            |       |     5 |     2 ||     7
   Stab: Sleeping          |     6 |     3 |    13 ||    22
         Distracted        |     1 |       |       ||     1
 Armour: Skin              |     2 |       |     4 ||     6
  Dodge: Dodged            |    23 |    33 |    25 ||    81
